 Dungeon Crawl Stone Soup version 0.30.1-9-gdf580d7c3d (webtiles) character file.

Game seed: 1318196660855243248

75 lonewolfV2 the Shield-Bearer (level 4, -2/37 HPs)
             Began as a Formicid Fighter on Oct 21, 2023.
             Slain by a gnoll
             ... wielding a +0 flail
              (9 damage)
             ... on level 2 of the Dungeon.
             The game lasted 00:02:25 (1140 turns).

lonewolfV2 the Shield-Bearer (Formicid Fighter)     Turns: 1140, Time: 00:02:26

Health: -2/37      AC:  7    Str: 23    XL:     4   Next: 55%
Magic:  4/4        EV: 14    Int:  7    God:
Gold:   102        SH:  5    Dex: 13    Spells: 3/3 levels left

rFire   . . .        a - +0 war axe
rCold   . . .        c - +0 buckler
rNeg    . . .        b - +0 scale mail
rPois   .            (helmet unavailable)
rElec   .            (no cloak)
rCorr   .            (no gloves)
SInv    +            (no boots)
Will    .....        (no amulet) Stlth
                     e - +5 ring of evasion
HPRegen 0.26/turn    j - ring of wizardry
MPRegen 0.09/turn

%: wizardry (x1)
@: no status effects
A: permanent stasis, dig shafts and tunnels, antennae 3, four strong arms
a: Dig, Shaft Self


You were on level 2 of the Dungeon.
You visited 1 branch of the dungeon, and saw 2 of its levels.

You collected 102 gold pieces.

Inventory:

Hand Weapons
 a - a +0 war axe (weapon)
Armour
 b - a +0 scale mail (worn)
 c - a +0 buckler (worn)
Jewellery
 e - a +5 ring of evasion (left hand)
 j - a ring of wizardry (right hand)
Scrolls
 f - 2 scrolls of identify {unknown}
 h - a scroll of enchant weapon {unknown}
Potions
 d - a potion of might
 g - 2 potions of haste {unknown}
 i - a potion of brilliance {unknown}


   Skills:
 + Level 4.1 Fighting
 - Level 2.0 Axes
 + Level 4.1 Armour
 + Level 5.0 Shields


You had 3 spell levels left.
You didn't know any spells.
Your spell library contained the following spells:

 Spells                   Type           Power      Damage    Failure   Level
 Beastly Appendage        Tmut           0%         N/A       45%         1
 Wereblood                Tmut           0%         N/A       58%         2
 Spider Form              Tmut/Pois      0%         N/A       82%         3


Dungeon Overview and Level Annotations

Branches:
Dungeon (2/15)

Altars:


Innate Abilities, Weirdness & Mutations

You cannot be hasted, slowed, berserked, paralysed or teleported.
You can dig through walls and to a lower floor.
You have a pair of large antennae on your head. (SInv)
Your four strong arms can wield two-handed weapons with a shield.


Message History

You see here a +0 helmet.
The rat barely misses you.
You slash the rat!
You kill the rat!
You now have 102 gold pieces (gained 9).
You sense a monster nearby.
You see here the +2 leather armour of Shielding {rPois rC+}. 2 gnolls come into view.
The gnoll shouts!
You hear a shout!
A gnoll comes into view. It is wielding a +0 flail.
There are monsters nearby!
There are monsters nearby!
You block the gnoll's attack.
You hit the gnoll.
The gnoll is moderately wounded.
The gnoll hits you but does no damage.
You hit the gnoll but do no damage.
The gnoll is moderately wounded.
The gnoll hits you but does no damage. The gnoll completely misses you.
The gnoll hits you from afar with a +0 halberd!
You block the gnoll's attack.
You closely miss the gnoll.
The gnoll is moderately wounded.
The gnoll closely misses you. The gnoll hits you with a +0 halberd.
You slash the gnoll!
You kill the gnoll!
The gnoll hits you from afar with a +0 halberd.
A hobgoblin comes into view.
The gnoll hits you but does no damage. You block the gnoll's attack.
Unknown command.
You barely miss the gnoll. The gnoll barely misses you.
You block the gnoll's attack.
You closely miss the gnoll.
The gnoll hits you from afar with a +0 halberd!
The gnoll hits you with a +0 flail.
* * * LOW HITPOINT WARNING * * *
The gnoll hits you from afar with a +0 halberd.
* * * LOW HITPOINT WARNING * * *
The gnoll hits you with a +0 flail!
You die...

......####
#.#####)....# #.##.#.
..##### ... #.....#
#...... ..# #.#
####### #.#..## ..#
#.# #.#.### ..#
#...... .## { ######
###.### .# ##.##
##....# #.# .#
......##...#.# #.#
.##
#.g.gg@.#[#.#######.#
..#
#######...#.........#
..# ###############
..##########
...........#
.......###.#
........##.#
........##.####
..#...........#


You could see 2 gnolls and a hobgoblin.

Vanquished Creatures
  A gnoll (D:2)
  2 adders (D:2)
  5 ball pythons
  5 bats
  6 endoplasms
  2 giant cockroaches (D:2)
  3 goblins
  2 hobgoblins (D:1)
  5 jackals
  A frilled lizard (D:2)
  3 kobolds
  11 rats
46 creatures vanquished.

Notes
Turn   | Place    | Note
-------+----------+-------------------------------------------
     0 | D:1      | lonewolfV2 the Formicid Fighter began the quest for the
                  | Orb.
     0 | D:1      | Reached XP level 1. HP: 18/18 MP: 1/1
   147 | D:1      | Reached XP level 2. HP: 14/24 MP: 2/2
   508 | D:1      | Reached XP level 3. HP: 29/30 MP: 3/3
   791 | D:2      | Reached XP level 4. HP: 37/37 MP: 4/4
   904 | D:2      | Reached skill level 5 in Shields
  1131 | D:2      | Identified the +2 leather armour of Shielding {rPois rC+}
  1140 | D:2      | Slain by a gnoll

Illustrated notes

Levels and vault maps discovered:
D:1:      lightli_arrival_boilingwater, layout_rooms
D:2:      layout_loops_cross

Skill      XL: |  1  2  3  4 |
---------------+-------------+-----
Armour         | 4 |  4.1
Fighting       | 4 |  4.1
Shields        | 5 |  5.0
Axes           | |  2.0

Action                     |  1- 3 |  4- 6 || total
---------------------------+-------+-------++-------
  Melee: War axe           |    90 |    31 ||   121
    Use: Scroll            |     3 |       ||     3
 Armour: Scale mail        |    57 |    21 ||    78
  Dodge: Dodged            |    57 |    16 ||    73
  Block: Buckler           |    30 |    14 ||    44
